 Dungeon Crawl Stone Soup version 0.21.1-1-g345015f (webtiles) character file.

36 letownia2 the Insei (level 3, -3/26 HPs)
             Began as a Merfolk Transmuter on Mar 19, 2018.
             Was an Initiate of Cheibriados.
             Slain by a wight
             ... wielding a +4 short sword of freezing
              (5 damage)
             ... on level 4 of the Dungeon.
             The game lasted 00:03:11 (464 turns).

letownia2 the Insei (Merfolk Transmuter)             Turns: 464, Time: 00:03:12

Health: -3/26      AC:  2    Str: 12    XL:     3   Next: 37%
Magic:  6/6        EV: 20    Int: 13    God:    Cheibriados [......]
Gold:   105        SH:  0    Dex: 20    Spells: 0/6 levels left

rFire    . . .     SeeInvis .     - Unarmed
rCold    . . .     Gourm    .   (shield currently unavailable)
rNeg     . . .     Faith    +   (armour currently unavailable)
rPois    x         Spirit   .   (helmet currently unavailable)
rElec    .         Reflect  .   (cloak currently unavailable)
rCorr    .         Harm     .   (gloves currently unavailable)
MR       .....                  (boots currently unavailable)
Stlth    ++........             i - amulet of faith
HPRegen  0.08/turn              (no ring)
MPRegen  0.10/turn              (no ring)

@: spider-form (expiring), drained, very slow
A: tiny, (change form in water), (swift swim), (stealthy swim)
a: End Transformation, Bend Time, Renounce Religion


You were on level 4 of the Dungeon.
You worshipped Cheibriados.
Cheibriados was noncommittal.
You were not hungry.
You were a venomous arachnid creature.
You visited 1 branch of the dungeon, and saw 4 of its levels.

You collected 105 gold pieces.

Inventory:

Missiles
 a - 39 arrows
 h - 5 javelins (quivered)
Armour
 b - a +0 robe (melded)
Jewellery
 i - an amulet of faith (around neck)
Scrolls
 e - a scroll of teleportation {unknown}
 f - a scroll of enchant weapon {unknown}
 g - 3 scrolls of identify {unknown}
 l - a scroll of remove curse {unknown}
Books
 c - a book of Changes

   Spells                             Type                      Level
   a - Beastly Appendage              Transmutation                1
   b - Sticks to Snakes               Transmutation                2
   c - Spider Form                    Transmutation/Poison         3
   d - Ice Form                       Ice/Transmutation            4
   e - Blade Hands                    Transmutation                5
Comestibles
 d - 3 rations


   Skills:
 - Level 1.1(0.8) Fighting
 - Level 2.6(2.3) Dodging
 - Level 4.5(4.2) Unarmed Combat
 - Level 2.0(1.6) Spellcasting
 + Level 2.7(2.4) Transmutations
 - Level 1.1(0.8) Poison Magic


You couldn't memorise any spells.
You knew the following spells:

 Your Spells              Type           Power        Failure   Level  Hunger
a - Beastly Appendage     Tmut           #.....       24%         1    ##.....
l - Sticks to Snakes      Tmut           #.......     32%         2    ###....
p - Spider Form           Tmut/Pois      #.........   61%         3    ####...


Dungeon Overview and Level Annotations

Branches:
Dungeon (4/15)             Temple (0/1) D:4

Altars:
Cheibriados
Dithmenos
Gozag
Ru
Sif Muna
Wu Jian

Annotations:
D:2 Robin


Message History

The wight completely misses you. The wight hits you but does no damage.
Unknown command.
You hit the wight but do no damage.
The wight is heavily damaged.
The wight hits you from afar with an enchanted trident!
You feel drained. The wight completely misses you.
Unknown command.
You hit the wight but do no damage.
The wight is heavily damaged.
The wight hits you from afar with an enchanted trident!
Ouch! That really hurt!
* * * LOW HITPOINT WARNING * * *
The wight hits you with a short sword of freezing.
* * * LOW HITPOINT WARNING * * *
The wight freezes you.
* * * LOW HITPOINT WARNING * * *
It was a potion of magic.
Magic courses through your body. The wight misses you.
The wight hits you with a short sword of freezing.
You die...

#. ##.## ##...## #+
#.....### ...
#.......# .>..
#.....#.# .....
#...#..#
......####...######
.....zzzs..........
.....z####.(.......
..... #...#####.
.... #.#...# .##..
.(. #.###.# .. #.#
#+ #.###.###.. ...
#.........# #.#
###...#.## #.#
######.#.#..## #.#


You could see 4 wights.

Vanquished Creatures
  2 adders
  2 leopard geckos
  A bat (D:2)
  2 hobgoblins (D:3)
  A quokka (D:3)
  A ball python (D:1)
  2 frilled lizards
  A goblin (D:1)
  2 kobolds
  A leopard gecko skeleton (D:4)
  3 rats
18 creatures vanquished.

Notes
Turn   | Place    | Note
-------+----------+-------------------------------------------
     0 | D:1      | letownia2 the Merfolk Transmuter began the quest for the Orb.
     0 | D:1      | Reached XP level 1. HP: 15/15 MP: 3/3
    57 | D:2      | Reached skill level 4 in Unarmed Combat
    57 | D:2      | Reached XP level 2. HP: 7/21 MP: 3/5
    66 | D:2      | Learned a level 2 spell: Sticks to Snakes
   208 | D:2      | Found a snail-covered altar of Cheibriados.
   208 | D:2      | Found a deep blue altar of Sif Muna.
   208 | D:2      | Found a sacrificial altar of Ru.
   208 | D:2      | Found a shadowy altar of Dithmenos.
   214 | D:2      | Found an ornate altar of the Wu Jian Council.
   214 | D:2      | Found an opulent altar of Gozag.
   221 | D:2      | Became a worshipper of Cheibriados the Contemplative
   253 | D:2      | Noticed Robin
   297 | D:3      | Reached XP level 3. HP: 13/26 MP: 4/6
   302 | D:3      | Learned a level 3 spell: Spider Form
   338 | D:3      | Reached skill level 1 in Poison Magic
   420 | D:4      | Found a staircase to the Ecumenical Temple.
   463 | D:4      | HP: 1/26 [wight/short sword of freezing (1)]
   464 | D:4      | Slain by a wight

Skill      XL: |  1  2  3 |
---------------+----------+-----
Unarmed Combat | 4 |  4.5
Poison Magic   | 1 |  1.1
Fighting       | |  1.1
Dodging        | |  2.6
Spellcasting   | |  2.0
Transmutations | |  2.7

Action                   || total
-------------------------++-------
Melee: Unarmed           ||    64
       Headbutt          ||     7
       Punch             ||     1
Throw: Javelin           ||     2
 Cast: Beastly Appendage ||    15
       Sticks to Snakes  ||     1
       Spider Form       ||     1
  Use: Potion            ||     2
Armor: Robe              ||     9
       Skin              ||     1
Dodge: Dodged            ||    44
